 Dungeon Crawl Stone Soup version 0.29.1-15-g9cfb28693d (webtiles) character file.

Game seed: 8704594376314616143

375 DildoBatman the Conjurer (level 7, -4/52 HPs)
             Began as a Formicid Conjurer on Mar 5, 2023.
             Slain by Prince Ribbit (16 damage)
             ... on level 6 of the Dungeon.
             The game lasted 00:09:15 (3281 turns).

DildoBatman the Conjurer (Formicid Conjurer)        Turns: 3281, Time: 00:09:15

Health: -4/52      AC:  4    Str: 11    XL:     7   Next: 3%
Magic:  13/13      EV: 11    Int: 20    God:
Gold:   210        SH:  0    Dex: 12    Spells: 8/14 levels left

rFire   . . .      SeeInvis +   a - +2 short sword (elec)
rCold   + . .      Faith    .   (no shield)
rNeg    . . .      Spirit   .   r - +1 leather armour {rC+}
rPois   .          Reflect  .   (helmet unavailable)
rElec   .          Harm     .   (no cloak)
rCorr   .          Rampage  .   (no gloves)
Will    .....                   (no boots)
Stlth   ++........              (no amulet)
HPRegen 0.17/turn               (no ring)
MPRegen 0.13/turn               (no ring)

@: no status effects
A: permanent stasis, dig shafts and tunnels, antennae 3, four strong arms
a: Dig, Shaft Self


You were on level 6 of the Dungeon.
You visited 1 branch of the dungeon, and saw 7 of its levels.

You collected 210 gold pieces.

Inventory:

Hand Weapons
 a - a +2 short sword of electrocution (weapon)
 b - a +0 spear
 c - the +0 whip of Iggofagh {elec, Str+4 Int+2}
   (You found it on level 3 of the Dungeon)

   It occasionally discharges a powerful burst of electricity upon striking a
   foe.
   Str:       It affects your strength (+4).
   Int:       It affects your intelligence (+2).
 d - a +0 dagger of venom
 v - a +0 sling
Armour
 r - a +1 leather armour of cold resistance (worn)
Jewellery
 t - a ring of flight
Wands
 m - a wand of flame (17)
Scrolls
 g - 3 scrolls of enchant armour
 i - a scroll of enchant weapon {unknown}
 j - a scroll of vulnerability {unknown}
 k - a scroll of immolation {unknown}
 l - 2 scrolls of poison {unknown}
 n - 3 scrolls of teleportation {unknown}
 o - a scroll of blinking {unknown}
 z - 8 scrolls of identify
Potions
 e - a potion of magic
 f - a potion of haste {unknown}
 p - a potion of lignification {unknown}
 s - 2 potions of cancellation {unknown}
 u - 2 potions of berserk rage {unknown}


   Skills:
 - Level 3.0 Fighting
 - Level 3.0 Armour
 - Level 2.0 Dodging
 - Level 2.4 Stealth
 * Level 4.2 Spellcasting
 * Level 4.8 Conjurations


You had 8 spell levels left.
You knew the following spells:

 Your Spells              Type           Power      Damage    Failure   Level
a - Searing Ray           Conj           46%        2d6       3%          2
b - Stone Arrow           Conj/Erth      26%        3d8       19%         3
c - Magic Dart            Conj           92%        1d7       2%          1

Your spell library contained the following spells:

 Spells                   Type           Power      Damage    Failure   Level
 Dazzling Flash           Conj/Hex       26%        N/A       19%         3
 Fulminant Prism          Conj/Hex       6%         3d7       52%         4
 Iskenderun's Mystic Bla  Conj/Tloc      13%        2d5       52%         4
 Animate Armour           Summ/Erth      8%         N/A       85%         4
 Lehudib's Crystal Spear  Conj/Erth      6%         10d3      100%        8


Dungeon Overview and Level Annotations

Branches:
Dungeon (7/15)
 Temple: D:4-7

Altars:
Makhleb
Uskayaw
The Shining One

Annotations:
D:2 1 runed translucent door, Crazy Yiuf
D:4 Natasha
D:6 Prince Ribbit


Innate Abilities, Weirdness & Mutations

You cannot be hasted, slowed, berserked, paralysed or teleported.
You can dig through walls and to a lower floor.
You have a pair of large antennae on your head. (SInv)
Your four strong arms can wield two-handed weapons with a shield.


Message History

Aim: Prince Ribbit (61% to hit)
Okay, then.
Found a stone staircase leading down.
Prince Ribbit blinks!
You hit Prince Ribbit.
Lightning courses through Prince Ribbit!
Prince Ribbit is moderately wounded.
Prince Ribbit barely misses you.
Prince Ribbit blinks!
There is an escape hatch in the ceiling here.
Prince Ribbit barely misses you. A mysterious force pulls you upwards.
The hatch slams shut behind you.
Found two stone staircases leading up.
Prince Ribbit hits you but does no damage. x2
Prince Ribbit barely misses you. Prince Ribbit attacks as you move away!
Prince Ribbit hits you.
Prince Ribbit catches a moth with his tongue.
There is a stone staircase leading up here.
You barely miss Prince Ribbit.
Prince Ribbit is moderately wounded.
Prince Ribbit closely misses you.
You miss Prince Ribbit.
Prince Ribbit is moderately wounded.
Prince Ribbit hits you. Prince Ribbit hits you!
You hit Prince Ribbit.
Prince Ribbit is heavily wounded.
Prince Ribbit hits you!! Prince Ribbit closely misses you.
You hit Prince Ribbit.
Lightning courses through Prince Ribbit!
Prince Ribbit is almost dead.
Prince Ribbit barely misses you.
You barely miss Prince Ribbit.
Prince Ribbit is almost dead.
Prince Ribbit barely misses you. Prince Ribbit hits you!
You die...

#.#..,,,,,,*..#.#
....**,,.,,*#...#
..#*****#.,**...#
.**,,,,,,#.,*#..#
,**,,,,..#..##..#
,,,,,,,.........#
***,,,,#.#.#....###
*,,,,.........F.#
***,,,,#.#.#....@.#
.,,,,,,......##...#
##*,,,,#.#.#......#
*,,,,......##..##
*****###.##*####
#.* ***


You could see Prince Ribbit.

Vanquished Creatures
  An ogre (D:3)
  A scorpion (D:7)
  A howler monkey (D:4)
  3 jellies
  4 adders
  3 dart slugs
  7 orcs
  5 ball pythons
  3 endoplasms
  2 giant cockroaches
  3 hobgoblins
  4 jackals (D:2)
  3 quokkas
  5 bats
  3 frilled lizards
  8 goblins
  5 kobolds
  2 rats
63 creatures vanquished.

Notes
Turn   | Place    | Note
-------+----------+-------------------------------------------
     0 | D:1      | DildoBatman the Formicid Conjurer began the quest for the
                  | Orb.
     0 | D:1      | Reached XP level 1. HP: 13/13 MP: 3/3
   187 | D:1      | Reached XP level 2. HP: 17/20 MP: 3/5
   190 | D:1      | Learned a level 2 spell: Searing Ray
   725 | D:1      | Reached skill level 1 in Fighting
   725 | D:1      | Reached skill level 1 in Armour
   725 | D:1      | Reached XP level 3. HP: 26/26 MP: 2/6
  1401 | D:2      | Reached XP level 4. HP: 32/32 MP: 4/8
  1463 | D:2      | Found a runed translucent door.
  1464 | D:2      | Noticed Crazy Yiuf
  1529 | D:2      | Found a faded altar of an unknown god.
  2137 | D:3      | Found a hide-covered altar of Uskayaw.
  2138 | D:3      | Noticed an ogre
  2221 | D:3      | Found a burning altar of Makhleb.
  2241 | D:3      | Identified the +0 whip of Iggofagh {elec, Str+4 Int+2}
  2648 | D:3      | Killed an ogre
  2649 | D:3      | Reached XP level 5. HP: 39/39 MP: 1/10
  2727 | D:4      | Learned a level 3 spell: Stone Arrow
  2822 | D:4      | Reached XP level 6. HP: 44/46 MP: 11/11
  2854 | D:4      | Noticed Natasha
  2858 | D:5      | Entered Level 5 of the Dungeon
  2873 | D:5      | Noticed a water moccasin
  3060 | D:5      | Found a glowing golden altar of the Shining One.
  3091 | D:5      | Noticed a black bear
  3097 | D:5      | You fall into a shaft and drop 1 floor!
  3260 | D:7      | Reached XP level 7. HP: 52/52 MP: 11/13
  3262 | D:7      | Noticed Prince Ribbit
  3281 | D:6      | Slain by Prince Ribbit

Illustrated notes

Levels and vault maps discovered:
D:1:      dpeg_arrival_tiny_f, layout_basic, minmay_door_square,
          kennysheep_flooded_box, chequers_serial_rivers_large_a
D:2:      layout_loops_ring, dreamdust_ecumenical_altar_statues,
          uniq_crazy_yiuf_cottage
D:3:      layout_basic, eat_drink_and_be_merry_uskayaw, bloody_makhleb
D:4:      layout_gridville, uniq_duvessa, uniq_natasha
D:5:      layout_rooms, tso_metal_star
D:6:      layout_rooms, dk_noncrumbling_4, glass_columns_b
D:7:      layout_basic, mainiacjoe_overflow_cross_hatched,
          minmay_temple_entry_overgrown, enter_bailey_4, nzn_ghost_randoct,
          uniq_prince_ribbit1

Skill      XL: |  1  2  3  4  5  6 |
---------------+-------------------+-----
Dodging        | 2 |  2.0
Fighting       | 1 2 3 |  3.0
Armour         | 1 2 3 |  3.0
Conjurations   | 4 |  4.8
Spellcasting   | 3 4 |  4.2
Stealth        | |  2.4

Action                   |  1- 3 |  4- 6 |  7- 9 || total
-------------------------+-------+-------+-------++-------
Melee: Spear             |    22 |     6 |       ||    28
       Short sword       |       |    27 |     6 ||    33
       Punch             |       |     2 |       ||     2
 Cast: Magic Dart        |    34 |    28 |       ||    62
       Searing Ray       |     5 |     9 |       ||    14
 Abil: Shaft Self        |       |     1 |       ||     1
  Use: Scroll            |       |     4 |       ||     4
 Stab: Sleeping          |       |     5 |       ||     5
Armor: Robe              |     2 |       |       ||     2
       Leather armour    |       |     4 |     2 ||     6
Dodge: Dodged            |    19 |    22 |     7 ||    48
